 Dungeon Crawl Stone Soup version 0.30-a0-726-gd89dcf765f (webtiles) character file.

Game seed: 2933615647383072255

4618 hikkokomori the Fighter (level 10, -1/64 HPs)
             Began as a Gargoyle Gladiator on Jan 30, 2023.
             Was an Elder of Okawaru.
             Slain by Psyche
             ... wielding a +1 dagger of chaos
              (9 damage)
             ... on level 8 of the Dungeon.
             The game lasted 00:17:17 (9291 turns).

hikkokomori the Fighter (Gargoyle Gladiator)        Turns: 9291, Time: 00:17:18

Health: -1/64      AC:  0    Str: 17    XL:     10   Next: 42%
Magic:  15/15      EV: 19    Int: 10    God:    Okawaru [****..]
Gold:   311        SH:  0    Dex: 15    Spells: 14/16 levels left

rFire   . . .      SeeInvis .      - Unarmed
rCold   . . .      Faith    .    (shield currently unavailable)
rNeg    + . .      Spirit   .    (body armour currently unavailable)
rPois   ∞          Reflect  .    (helmet currently unavailable)
rElec   .          Harm     .    (cloak currently unavailable)
rCorr   .          Rampage  .    (gloves currently unavailable)
Will    .....                    (boots currently unavailable)
Stlth   +++++                    (no amulet)
HPRegen 0.30/turn                (ring currently unavailable)
MPRegen 0.14/turn                (ring currently unavailable)

@: pig-form, heroic, invisible, very quick
A: fast, no casting, sickness immunity, AC +7, small, negative energy resistance
1, (electricity resistance), torment resistance 1, petrification resistance
a: Renounce Religion, Heroism, Finesse


You were on level 8 of the Dungeon.
You worshipped Okawaru.
Okawaru was greatly pleased with you.
You were a filthy swine.
You visited 2 branches of the dungeon, and saw 9 of its levels.

You collected 311 gold pieces.

Inventory:

Hand Weapons
 a - a +0 long sword (melded)
 L - a +3 broad axe of electrocution
Missiles
 d - 3 throwing nets
 e - 7 javelins
 k - 2 boomerangs (quivered)
 r - 8 poisoned darts
Armour
 b - a +0 leather armour
 c - a +0 helmet (melded)
 l - a +0 ring mail
 A - the +1 robe of Sitaro (melded) {rPois Str+2 Dex+3}
   (You found it on level 4 of the Dungeon)

   Str:       It affects your strength (+2).
   Dex:       It affects your dexterity (+3).
   rPois:     It protects you from poison.
 J - an orb of guile
 M - a +0 plate armour
Jewellery
 g - a ring of magical power (melded)
 v - a ring of fire
 D - a +6 ring of intelligence (melded)
 H - a ring of resist corrosion
Wands
 f - a wand of flame (16)
 F - a wand of paralysis (1)
Scrolls
 h - a scroll of fog
 i - a scroll of torment {unknown}
 m - 3 scrolls of amnesia
 n - 2 scrolls of poison
 p - 3 scrolls of fear {unknown}
 q - 3 scrolls of blinking
 u - 3 scrolls of enchant armour
 w - a scroll of butterflies
 x - 3 scrolls of enchant weapon
 y - 2 scrolls of teleportation
 z - 2 scrolls of magic mapping {unknown}
 G - a scroll of brand weapon {unknown}
 K - a scroll of vulnerability {unknown}
 N - a scroll of immolation {unknown}
Potions
 j - a potion of magic
 o - a potion of mutation
 s - 3 potions of might
 t - a potion of degeneration
 C - a potion of attraction
 E - 3 potions of curing
 I - a potion of flight


   Skills:
 + Level 8.2(13.2) Fighting
 + Level 7.2(12.2) Long Blades
 - Level 1.7(6.7) Throwing
 + Level 4.3(9.3) Dodging
 + Level 6.6(11.6) Stealth
 - Level 3.5 Spellcasting
 - Level 4.7 Translocations
 - Level 2.4 Invocations
 + Level 3.3 Evocations


You had 14 spell levels left.
You knew the following spells:

 Your Spells              Type           Power      Damage    Failure   Level
a - Blink                 Tloc           22%        N/A       6%          2

Your spell library contained the following spells:

 Spells                   Type           Power      Damage    Failure   Level
 Apportation              Tloc           22%        N/A       3%          1
 Lesser Beckoning         Tloc           22%        N/A       6%          2
 Momentum Strike          Conj/Tloc      12%        3d8       16%         2
 Freeze                   Ice            4%         1d3       26%         1
 Necrotise                Necr           4%         1d4       26%         1
 Frozen Ramparts          Ice            2%         1d1       63%         3
 Hailstorm                Conj/Ice       1%         3d3       63%         3
 Summon Small Mammal      Summ           Unusable   N/A       N/A         1

Dungeon Overview and Level Annotations

Branches:
Dungeon (8/15)             Temple (1/1) D:4
   Lair: D:8-11

Altars:
Ashenzari
Elyvilon
Fedhas
Nemelex Xobeh
Okawaru
Qazlal
Sif Muna
Uskayaw
Wu Jian
Yredelemnul

Annotations:
D:6 1 runed translucent door, Lanacter's ghost, novice DsHu
D:8 Psyche


Innate Abilities, Weirdness & Mutations

You are a filthy swine.
You move quickly.
Your equipment is almost entirely melded.
You are incapable of wielding weapons or throwing items.
You cannot cast spells.
You are immune to sickness and miasma.
((Your stone body is resilient. (AC +7)))
You are immune to poison.
You resist negative energy. (rN+)
((You are resistant to electric shocks. (rElec)))
You are resistant to unholy torment.
You are immune to petrification.


Message History

You are too injured to fight recklessly!
You are too injured to fight recklessly!
You gain the combat prowess of a mighty hero.
You hear some strange, mumbled words.
A swirling arc of seething chaos appears!
An arc of chaos appears from out of thin air!
The arc of chaos hits you.
The arc of chaos hits the howler monkey.
The howler monkey hoots and howls with incredible vigour!
You hear some strange, mumbled words.
You hit the howler monkey.
The howler monkey is severely wounded.
The howler monkey misses you. Something hits you.
You bite the howler monkey!
You kill the howler monkey!
Okawaru accepts your kill. Something hits you!
* * * LOW HITPOINT WARNING * * *
You hit something.
You hear some strange, mumbled words.
Okay, then.
You fade into invisibility!
Something hits you!
* * * LOW HITPOINT WARNING * * *
Something burns you.
* * * LOW HITPOINT WARNING * * *
Okay, then.
You see here a howler monkey corpse.
You hear a zap.
You see here a scroll of blinking.
q - 3 scrolls of blinking (gained 1)
You hear a zap.
You see here 2 potions of might.
s - 3 potions of might (gained 2)
You open the door.
There is an open door here.
Okay, then.
You close the door.
Something unseen breaks down the door.
Something hits you!
You die...

### ##.## ##...##
#..⌠..# #.....# #.#
##h## ## #8.8## .
##....# ##.....##
#############8.....8##
#8........8..........#
#............†.......+
#..........#.........#
###...###.###..........#


There were no monsters in sight!

Vanquished Creatures
  A two-headed ogre (D:7)
  A troll (D:7)
  Prince Ribbit (D:6)
  A slime creature (D:7)
  2 wraiths (D:7)
  A vampire mosquito (D:7)
  Menkaure (D:5)
  4 water moccasins
  2 orc warriors
  2 sky beasts (D:7)
  2 black bears
  A centaur (D:5)
  3 phantoms
  2 necrophages (D:5)
  4 bullfrogs (D:7)
  2 scorpions (D:6)
  8 wights
  3 howler monkeys
  2 hounds
  3 orc priests
  4 iguanas
  4 jellies
  Jessica (D:3)
  2 orc wizards (D:6)
  3 gnolls
  4 adders
  2 shadow imps
  2 white imps
  4 dart slugs
  16 orcs
  6 bats
  7 endoplasms
  3 giant cockroaches
  4 goblins
  4 hobgoblins
  3 kobolds
  A quokka (D:1)
  7 ball pythons
  5 rats
128 creatures vanquished.

Vanquished Creatures (others)
  5 plants (D:2)
5 creatures vanquished.

Grand Total: 133 creatures vanquished

Notes
Turn   | Place    | Note
-------+----------+-------------------------------------------
     0 | D:1      | hikkokomori the Gargoyle Gladiator began the quest for the
                  | Orb.
     0 | D:1      | Reached XP level 1. HP: 12/12 MP: 1/1
   227 | D:1      | Reached XP level 2. HP: 18/18 MP: 2/2
   498 | D:1      | Reached skill level 1 in Stealth
   677 | D:1      | You fall into a shaft and drop 1 floor!
   784 | D:2      | Reached XP level 3. HP: 17/22 MP: 3/3
  1002 | D:2      | Reached skill level 3 in Fighting
  1307 | D:2      | Learned a level 2 spell: Blink
  1316 | D:2      | Reached XP level 4. HP: 27/28 MP: 4/4
  1783 | D:4      | Found a hide-covered altar of Uskayaw.
  1817 | D:4      | Noticed a phantom
  2026 | D:3      | Found a stormy altar of Qazlal.
  2033 | D:3      | Found a faded altar of an unknown god.
  2421 | D:3      | Noticed Jessica
  2443 | D:3      | Killed Jessica
  2444 | D:3      | Reached skill level 1 in Translocations
  2444 | D:3      | Reached XP level 5. HP: 27/32 MP: 5/5
  2690 | D:3      | Found a white marble altar of Elyvilon.
  2894 | D:4      | Identified the +1 robe of Sitaro {rPois Str+2 Dex+3}
  3036 | D:4      | Killed a phantom
  3252 | D:4      | Reached skill level 4 in Fighting
  3252 | D:4      | Reached XP level 6. HP: 36/38 MP: 6/6
  3481 | D:4      | Found a staircase to the Ecumenical Temple.
  3491 | Temple   | Entered the Ecumenical Temple
  3527 | Temple   | Became a worshipper of Warmaster Okawaru
  3768 | D:5      | Entered Level 5 of the Dungeon
  3779 | D:5      | Noticed a black bear
  3800 | D:5      | Killed a black bear
  3806 | D:5      | HP: 1/39 [acid (2)]
  3812 | D:5      | Reached * piety under Okawaru
  3813 | D:5      | Reached XP level 7. HP: 11/44 MP: 7/7
  4050 | D:5      | Reached skill level 1 in Invocations
  4179 | D:5      | Noticed Menkaure
  4212 | D:5      | Reached skill level 5 in Fighting
  4520 | D:5      | Reached XP level 8. HP: 10/49 MP: 9/9
  4635 | D:5      | HP: 1/49 [Menkaure (6)]
  4640 | D:5      | Killed Menkaure
  4641 | D:5      | Reached skill level 5 in Long Blades
  5307 | D:6      | Reached skill level 1 in Spellcasting
  5372 | D:6      | Reached ** piety under Okawaru
  5583 | D:6      | Found a runed translucent door.
  5592 | D:6      | Noticed Lanacter's ghost (novice DsHu)
  5674 | D:6      | Reached skill level 6 in Fighting
  6171 | D:6      | Noticed Prince Ribbit
  6199 | D:6      | Killed Prince Ribbit
  6200 | D:6      | Reached XP level 9. HP: 15/56 MP: 13/13
  6714 | D:6      | Reached *** piety under Okawaru
  6888 | D:7      | Reached skill level 7 in Fighting
  6979 | D:7      | Noticed a two-headed ogre
  7138 | D:7      | Found a shimmering blue altar of Sif Muna.
  7197 | D:7      | Reached skill level 5 in Stealth
  7197 | D:7      | Reached skill level 1 in Evocations
  7750 | D:7      | Reached **** piety under Okawaru
  8056 | D:7      | Noticed a troll
  8066 | D:7      | Killed a troll
  8193 | D:7      | Reached XP level 10. HP: 40/64 MP: 15/15
  8263 | D:7      | Killed a two-headed ogre
  8264 | D:7      | Reached skill level 8 in Fighting
  9251 | D:8      | Noticed Psyche
  9272 | D:8      | HP: 3/64 [something (1)]
  9291 | D:8      | Slain by Psyche

Illustrated notes

Levels and vault maps discovered:
D:1:      arrival_zaba_pyramid, layout_basic
D:2:      minmay_skewed_foursquare, layout_loops_ring, serial_bayou_lake_a
D:3:      layout_basic, grunt_qazlal_sundering, nicolae_elyvilon_temple_path,
          hellmonk_ecumenical_altar_pennies_from_heaven, uniq_jessica
D:4:      layout_loops_ring, mainiacjoe_overflow_surrounded_room,
          minmay_temple_entry_drinking_statues, grunt_ministairs_2
D:5:      layout_loops_cross, kennysheep_boxes, uniq_menkaure
D:6:      layout_loops_corners, ebering_ghost_reflecting_pool,
          uniq_prince_ribbit1
D:7:      minmay_blocky_corners, layout_basic, nicolae_overflow_crystal_walls,
          grunt_decor_resistance, kennysheep_path_1,
          chequers_serial_rivers_micro_c
D:8:      hellmonk_crumbling_castle, layout_loops_ring, serial_shops,
          nicolae_stop_n_shop_1, minmay_misc_feat_more_columns,
          columned_hall_lemuel, minmay_manual_moon, uniq_psyche
Temple:   compressed_dpeg_circular_temple

Skill      XL: |  1  2  3  4  5  6  7  8  9 10 |
---------------+-------------------------------+-----
Long Blades    | 3 4 5 6 7 |  7.2
Stealth        | 1 2 3 4 5 6 |  6.6
Fighting       | 3 4 5 6 7 8 |  8.2
Translocations | 1 2 3 4 |  4.7
Invocations    | 2 |  2.4
Spellcasting   | 3 |  3.5
Dodging        | 3 4 |  4.3
Evocations     | 2 3 |  3.3
Throwing       | |  1.7

Action                     |  1- 3 |  4- 6 |  7- 9 | 10-12 || total
---------------------------+-------+-------+-------+-------++-------
  Melee: Long sword        |   116 |   129 |   371 |    92 ||   708
         Punch             |     1 |       |     7 |     3 ||    11
         Unarmed           |       |       |       |     9 ||     9
  Throw: Boomerang         |       |    24 |       |       ||    24
         Dart              |       |     7 |       |       ||     7
         Javelin           |       |       |     4 |       ||     4
 Invoke: Heroism           |       |       |     2 |     3 ||     5
  Evoke: Wand              |       |     2 |     8 |     3 ||    13
    Use: Scroll            |       |    12 |     6 |       ||    18
         Potion            |       |     3 |     1 |     1 ||     5
   Stab: Sleeping          |     3 |     3 |     8 |     2 ||    16
         Paralysed         |       |       |    10 |    14 ||    24
         Distracted        |       |       |       |     1 ||     1
 Armour: Leather armour    |    57 |    20 |       |       ||    77
         Robe              |       |    45 |   156 |    22 ||   223
         Ring mail         |       |     3 |       |       ||     3
  Dodge: Dodged            |   101 |   118 |   246 |    67 ||   532

Table legend: (Time is in decaauts)
 A = Elapsed time spent in this place.
 B = Non-inter-level travel time spent in this place.
 C = Inter-level travel time spent in this place.
 D = Time resting spent in this place.
 E = Time spent auto-exploring this place.
 F = Levels seen in this place.
 G = Mean time per level.
                   A        B        C        D        E       F      G
               +--------+--------+--------+--------+--------+-----+--------+
         Total |   9463 |   9090 |    373 |    973 |   6476 |   9 | 1051.4 |
       Dungeon |   9420 |   9047 |    373 |    973 |   6448 |   8 | 1177.5 |
        Temple |     42 |     42 |      0 |      0 |     28 |   1 |   42.0 |
               +--------+--------+--------+--------+--------+-----+--------+

Top non-repeatable levels by time:
     D:7: 2238 daAuts
     D:6: 1563 daAuts
     D:5: 1554 daAuts
     D:3: 1083 daAuts
     D:2: 983 daAuts
     D:4: 976 daAuts
     D:1: 775 daAuts
     D:8: 245 daAuts
  Temple: 42 daAuts
